 Dungeon Crawl Stone Soup version 0.31-a0-185-g9dded2c639 (webtiles) character file.

Game seed: 15105202460297832034

65 qw the Shooter (level 3, -2/20 HPs)
             Began as a Deep Elf Hunter on June 22, 2023.
             Killed from afar by an orc wizard (8 damage)
             ... with a magic dart
             ... on level 3 of the Dungeon.
             The game lasted 00:00:35 (1688 turns).

qw the Shooter (Deep Elf Hunter)                    Turns: 1688, Time: 00:00:35

Health: -2/20      AC:  6    Str: 10    XL:     3   Next: 92%
Magic:  5/5        EV:  9    Int: 13    God:
Gold:   54         SH:  0    Dex: 18    Spells: 2/2 levels left

rFire   + . .        Y - +2 shortbow
rCold   . . .        (shield currently unavailable)
rNeg    . . .        g - +0 scale mail
rPois   .            (no helmet)
rElec   .            (no cloak)
rCorr   .            (no gloves)
SInv    +            (no boots)
Will    .....        (no amulet)
Stlth   +            j - ring of see invisible
HPRegen 0.23/turn    l - ring of protection from fire
MPRegen 0.09/turn

%: no passive effects
@: no status effects
A: no striking features
a: no special abilities


You were on level 3 of the Dungeon.
You visited 1 branch of the dungeon, and saw 3 of its levels.

You collected 54 gold pieces.


   Skills:
 - Level 1.5 Fighting
 + Level 7.4 Ranged Weapons
 - Level 2.4 Dodging
 - Level 1.2 Stealth


You had 2 spell levels left.
You didn't know any spells.
Your spell library was empty.

Inventory:

Hand Weapons
 Y - a +2 shortbow (weapon)
Armour
 g - a +0 scale mail (worn)
Jewellery
 d - a ring of ice
 j - a ring of see invisible (left hand)
 l - a ring of protection from fire (right hand)
Scrolls
 a - a scroll of immolation {unknown}
 i - a scroll of identify
Potions
 c - a potion of brilliance {unknown}
 e - a potion of mutation {unknown}
 f - a potion of berserk rage {unknown}
 h - a potion of magic {unknown}
 k - a potion of curing {unknown}

Dungeon Overview and Level Annotations

Branches:
Dungeon (3/15)

Altars:
Gozag
Xom

Shops:
D:3 *


Message History

The arrow closely misses the ball python.
You shoot an arrow. The arrow hits the ball python!
You kill the ball python!
You open the door. 3 orc wizards and 2 orcs come into view.
The orc shouts!
The orc wizard shouts! x3; The orc shouts!
Enter note: You shoot an arrow.
The arrow barely misses the orc wizard.
The orc wizard casts a spell at you. The puff of flame hits you. You resist.
You shoot an arrow.
The arrow closely misses the orc wizard.
The orc wizard gestures at you while chanting.
The magic dart hits you! The orc wizard casts a spell at you.
The magic dart hits you.
The orc wizard gestures wildly while chanting.
The orc wizard flickers and vanishes for a moment.
You shoot an arrow. The arrow barely misses the orc wizard.
The arrow hits the orc.
The orc is severely wounded.
The orc wizard gestures wildly while chanting.
The orc wizard flickers and vanishes for a moment.
You shoot an arrow. The arrow hits the orc wizard!
The orc wizard is severely wounded.
The orc wizard barely misses you.
You shoot an arrow. The arrow hits the orc.
You kill the orc!
You shoot an arrow.
The arrow hits the orc but does no damage.
The orc hits you but does no damage.
You shoot an arrow. The arrow barely misses the orc.
The arrow hits the orc wizard but does no damage.
The orc wizard is severely wounded.
The orc hits you with a +0 club.
You shoot an arrow. The arrow barely misses the orc wizard.
The arrow barely misses the orc.
The orc wizard points at you and mumbles some strange words.
The magic dart hits you!
You die...

#.# ####.# .....
## #..# ... #.##
.... #..####
..... #.....#
####
......###.###.##
#... .....oo@..#
#..# ####...
.....o#####
##.###.##...
.....
#..##.##... ....
#.....##... ###
#.#........
#.##...~~.~
....%>.~...
##.####.~._.
#.####~~...


You could see 2 orc wizards and an orc.

Vanquished Creatures
  An adder (D:2)
  A worm (D:2)
  2 dart slugs
  4 orcs (D:3)
  5 endoplasms
  2 giant cockroaches (D:2)
  3 goblins
  4 hobgoblins (D:2)
  2 kobolds
  A quokka (D:1)
  7 ball pythons
  6 bats
  A rat (D:1)
39 creatures vanquished.

Notes
Turn   | Place    | Note
-------+----------+-------------------------------------------
     0 | D:1      | qw the Deep Elf Hunter began the quest for the Orb.
     0 | D:1      | Reached XP level 1. HP: 12/12 MP: 3/3
     0 | D:1      | 0 ||| qw: Version: 0.3-a-9-g12657ce
     0 | D:1      | 0 ||| qw: Game counter: 1737
     0 | D:1      | 0 ||| qw: Always use a shield: true
     0 | D:1      | 0 ||| qw: God list: Okawaru
     0 | D:1      | 0 ||| qw: Allow faded altars: false
     0 | D:1      | 0 ||| qw: Do Orc after D:15 true
     0 | D:1      | 0 ||| qw: Do second Lair branch before Depths: true
     0 | D:1      | 0 ||| qw: Lair rune preference: random
     0 | D:1      | 0 ||| qw: Plans: Normal
     0 | D:1      | 0 ||| PLANNING D:1-11
   230 | D:1      | Reached skill level 6 in Ranged Weapons
   230 | D:1      | Reached XP level 2. HP: 16/16 MP: 4/4
   720 | D:1      | 720 ||| UPGRADING to +0 scale mail.
   730 | D:1      | 730 ||| DROPPING +0 leather armour.
   731 | D:1      | 731 ||| READING scroll labelled MEBBOS BOAPH.
   732 | D:1      | 732 ||| DROPPING scroll of butterflies.
   857 | D:2      | 857 ||| READING scroll of enchant weapon.
   857 | D:2      | 857 ||| ENCHANTING +1 shortbow.
   914 | D:2      | Reached XP level 3. HP: 13/20 MP: 5/5
  1213 | D:2      | Found a shimmering altar of Xom.
  1284 | D:2      | Reached skill level 7 in Ranged Weapons
  1535 | D:2      | 1535 ||| DROPPING ring of magical power.
  1536 | D:2      | 1536 ||| UPGRADING to ring of see invisible.
  1537 | D:2      | 1537 ||| UPGRADING to ring of protection from fire.
  1538 | D:2      | 1538 ||| READING scroll labelled RUESISHR SOIWIG.
  1542 | D:2      | 1542 ||| READING 2 scrolls labelled ROFEOLI FANNAL.
  1586 | D:3      | Found an opulent altar of Gozag.
  1589 | D:3      | Found Gozag's Platinum Reserve.
  1608 | D:3      | 1608 ||| FLEEEEING.
  1609 | D:3      | 1609 ||| FLEEEEING.
  1610 | D:3      | 1610 ||| FLEEEEING.
  1611 | D:3      | 1611 ||| FLEEEEING.
  1628 | D:3      | 1628 ||| FLEEEEING.
  1649 | D:3      | 1649 ||| SHOPLISTING +0 ring mail of Tempters {rF+} (1800
                  | gold, have 54).
  1649 | D:3      | 1649 ||| SHOPLISTING +3 ring mail "Puylicy" {rElec rN+
                  | Int+3} (4350 gold, have 54).
  1688 | D:3      | Killed from afar by an orc wizard

Levels and vault maps discovered:
D:1:      ncdulo_lavacross, layout_basic
D:2:      layout_loops_corners, basic_altar
D:3:      layout_basic, nicolae_gozag_zags_fifth_avenue, minmay_puff,
          uniq_crazy_yiuf_cottage

Skill      XL: |  1  2  3 |
---------------+----------+-----
Ranged Weapons | 6 7 |  7.4
Fighting       | |  1.5
Dodging        | |  2.4
Stealth        | |  1.2

Action                     || total
---------------------------++-------
   Fire: Shortbow          ||    97
    Use: Scroll            ||     4
 Armour: Scale mail        ||    17
  Dodge: Dodged            ||    13

Table legend:
 A = Non-vault XP
 B = Vault XP
 C = Vault XP percentage of total XP
 D = Non-vault monster count
 E = Vault monster count
 F = Vault count percentage of total count
                 A         B        C        D         E       F
            +---------+---------+-------+---------+---------+-------
      Total |      93 |       0 |   0.0 |      39 |       0 |   0.0
            +---------+---------+-------+---------+---------+-------
        D:1 |      18 |       0 |   0.0 |      12 |       0 |   0.0
        D:2 |      54 |       0 |   0.0 |      19 |       0 |   0.0
        D:3 |      21 |       0 |   0.0 |       8 |       0 |   0.0
            +---------+---------+-------+---------+---------+-------
